 Dungeon Crawl Stone Soup version 0.32-a0-30-gefbe487952 (webtiles) character file.

Game seed: 8100453280472603327

299 senseless the Ruffian (level 6, -5/45 HPs)
             Began as a Djinni Shapeshifter on Jan 19, 2024.
             Killed by divine providence
             ... invoked by an orc priest
              (17 damage)
             ... on level 4 of the Dungeon.
             The game lasted 00:07:51 (4521 turns).

senseless the Ruffian (Djinni Shapeshifter)         Turns: 4521, Time: 00:07:52

Health: -5/45      AC:  9    Str: 15    XL:     6   Next: 63%
Gold:   272        EV: 10    Int: 12    God:
                   SH:  0    Dex: 12

rFire   + +          .
                       - Unarmed
rCold   x . .        (no shield)
rNeg    + . .        l - +3 scale mail
rPois   ∞            (helmet currently unavailable)
rElec   .            (cloak currently unavailable)
rCorr   .            (gloves currently unavailable)
SInv    .            (boots unavailable)
Will    .....        h - amulet of faith Stlth
                     q - ring of positive energy
HPRegen 0.27/turn    (no ring)
MPRegen 0.00/turn

%: faith, infuse magic (-6 HP)
@: beast-form, flying
A: beast (slay +2), flying, sickness immunity, fire resistance 2, cold
vulnerability 1, float, innate caster, HP casting, extra vitality 1
a: Begin Untransformation


You were on level 4 of the Dungeon.
You were a hulking beast.
You visited 1 branch of the dungeon, and saw 4 of its levels.

You collected 272 gold pieces.

Inventory:

Hand Weapons
 j - a +0 short sword
Armour
 a - a +0 animal skin
 b - a +0 pair of gloves
 g - a +0 chain mail
 k - a +1 scale mail of cold resistance
 l - a +3 scale mail (worn)
Jewellery
 h - an amulet of faith (around neck)
 q - a ring of positive energy (left hand)
Talismans
 c - a beast talisman
 d - a flux talisman
 e - a maw talisman
Wands
 m - a wand of acid (7) (quivered)
 n - a wand of iceblast (9)
Scrolls
 i - a scroll of poison
 o - a scroll of identify
Potions
 f - a potion of enlightenment


   Skills:
 + Level 2.9 Fighting
 + Level 2.0 Armour
 + Level 3.7 Dodging
 + Level 4.1 Unarmed Combat
 + Level 3.5 Shapeshifting


You knew the following spells:

 Your Spells              Type           Power      Damage    Failure   Level
a - Foxfire               Conj/Fire      0%         2x1d4     78%         1
b - Mercury Vapours       Alch/Air       0%         N/A       89%         2
Your spell library was empty.

Dungeon Overview and Level Annotations

Branches:
Dungeon (4/15)
 Temple: D:4-7

Altars:
Ashenzari
Wu Jian

Shops:
D:1 =?!*[


Innate Abilities, Weirdness & Mutations

You are a hulking beast.
Your limbs bulge with bestial killing power. (Slay +2)
You are flying.
You are immune to sickness and miasma.
You are immune to poison.
Your flesh is very heat resistant. (rF++)
You are vulnerable to cold. (rC-)
You float through the air rather than walking.
You learn spells naturally, not from books.
Your magical power is your life essence.
You have superior vitality. (+4 MHP)


Message History

The orc priest is almost dead.
The orc priest hits you but does no damage.
You closely miss the orc priest.
The orc priest is almost dead.
The orc priest calls upon Beogh to heal the orc priest.
The orc priest is healed somewhat.
The orc priest hits you but does no damage.
You hit the orc priest but do no damage.
The orc priest is heavily wounded.
The orc priest invokes the aid of Beogh against you.
Beogh smites you!
The orc priest invokes the aid of Beogh against you.
Beogh smites you!
* * * LOW HITPOINT WARNING * * *
Aiming: Corrosive Bolt
Press: ? - help, Shift-Dir - straight line, f - orc
Aim: an orc, wielding a +0 club and wearing a +0 ring mail (75% to hit)
The bolt of acid misses the orc priest.
The bolt of acid hits the orc priest!
The acid corrodes the orc priest!
The orc priest is heavily wounded.
The bolt of acid hits the orc!
You kill the orc!
The bolt of acid hits the orc priest!
The acid corrodes the orc priest!
The orc priest is severely wounded.
The bolt of acid misses the orc.
The orc priest begins to cast a cantrip, but forgets the words!
The orc priest calls upon Beogh to heal the orc priest.
The orc priest is healed somewhat.
Aiming: Corrosive Bolt
Press: ? - help, Shift-Dir - straight line, f/p - orc
Aim: an orc, wielding a +0 club and wearing a +0 ring mail (75% to hit)
The bolt of acid hits the orc priest!
You kill the orc priest!
The bolt of acid misses the orc priest.
The bolt of acid hits the orc priest!
You kill the orc priest!
The bolt of acid hits the orc!
You kill the orc!
The orc priest mumbles some strange prayers to Beogh against you.
Beogh smites you!
You die...

##########
..)))o)h.#
########.#
#.# #.#
#.# #.#
#.# #.#
###.#


You could see an orc priest (corroded).

Vanquished Creatures
  A scorpion (D:4)
  3 orc priests (D:4)
  Natasha (thrice) (D:2)
  An orc wizard (D:4)
  2 adders (D:3)
  A ribbon worm (D:2)
  A dart slug (D:2)
  13 orcs
  2 ball pythons (D:2)
  8 endoplasms
  3 giant cockroaches
  4 goblins (D:2)
  15 hobgoblins
  2 jackals (D:2)
  A quokka (D:2)
  3 bats
  5 frilled lizards
  6 kobolds
  3 rats
77 creatures vanquished.

Notes
Turn   | Place    | Note
-------+----------+-------------------------------------------
     0 | D:1      | senseless the Djinni Shapeshifter began the quest for the
                  | Orb.
     0 | D:1      | Reached XP level 1. HP: 17/17 MP: 0/0
    21 | D:1      | Found Wujaem's General Store.
   140 | D:1      | Found Beogebb's Distillery.
   182 | D:1      | Reached XP level 2. HP: 11/22 MP: 0/0
   276 | D:1      | Found Ubrin's Jewellery Shoppe.
   344 | D:1      | Found Becog's Magic Scroll Shop.
   555 | D:1      | Found Taaveev's Antique Armour Shoppe.
   983 | D:2      | Reached XP level 3. HP: 8/27 MP: 0/0
   983 | D:2      | Learned a level 1 spell: Foxfire
   989 | D:2      | HP: 1/40 [goblin/+0 dagger (3)]
  1721 | D:2      | Noticed Natasha
  1731 | D:2      | Killed Natasha
  1732 | D:2      | Reached XP level 4. HP: 18/33 MP: 0/0
  2055 | D:2      | Noticed Natasha
  2061 | D:2      | Killed Natasha
  2062 | D:2      | Reached skill level 1 in Armour
  2062 | D:2      | Reached XP level 5. HP: 32/38 MP: 0/0
  2062 | D:2      | Learned a level 2 spell: Mercury Vapours
  2477 | D:2      | Noticed Natasha
  2487 | D:2      | Killed Natasha
  3218 | D:3      | Found a broken altar of Ashenzari.
  4196 | D:4      | Reached skill level 4 in Unarmed Combat
  4196 | D:4      | Reached XP level 6. HP: 40/45 MP: 0/0
  4270 | D:4      | Found an ornate altar of the Wu Jian Council.
  4521 | D:4      | Killed from afar by an orc priest

Illustrated notes

Levels and vault maps discovered:
D:1:      spicycebolla_green_bress_n_ham_2, layout_loops_ring, serial_shops,
          nicolae_shop_hallway_stairs, nicolae_square_shop,
          nicolae_shop_statue_plus, nicolae_shop_advertising_works
          [nicolae_subvault_shop_adworks], nicolae_shop_behind_doors,
          ebering_dispersal_statue_hall
D:2:      layout_loops_corners, serial_aquarium, aquarium_bridge_long_separate
          [aquarium_subvault_bridge, aquarium_subvault_bridge,
          aquarium_subvault_bridge, aquarium_subvault_wall,
          aquarium_subvault_bridge, aquarium_subvault_bridge],
          aquarium_bridge_square [aquarium_subvault_bridge,
          aquarium_subvault_window, aquarium_subvault_bridge,
          aquarium_subvault_bridge], aquarium_window_fake,
          aquarium_window_corridor_3, aquarium_window_1, aquarium_view_2f,
          aquarium_view_2d, aquarium_balcony_3b, aquarium_pool_corner,
          guppyfry_early_orc_mine, uniq_natasha
D:3:      layout_basic, old_standard_altar, serial_park_tiny_pond
D:4:      kennysheep_goblin_castle, layout_loops_ring, fedhas_altar_2,
          lemuel_doored_altar, grunt_ministairs_3

Skill      XL: |  1  2  3  4  5  6 |
---------------+-------------------+-----
Shapeshifting  | 3 |  3.5
Fighting       | 2 |  2.9
Dodging        | 3 |  3.7
Armour         | 1 2 |  2.0
Unarmed Combat | 4 |  4.1

Action                     |  1- 3 |  4- 6 || total
---------------------------+-------+-------++-------
  Melee: Unarmed           |   122 |   146 ||   268
         Punch             |     3 |     2 ||     5
  Evoke: Wand              |       |     5 ||     5
    Use: Potion            |     2 |       ||     2
         Scroll            |       |     6 ||     6
   Stab: Sleeping          |     1 |       ||     1
 Armour: Animal skin       |    45 |       ||    45
         Scale mail        |    15 |    71 ||    86
         Skin              |     5 |       ||     5
  Dodge: Dodged            |    56 |    64 ||   120

Table legend: (Time is in decaauts)
 A = Elapsed time spent in this place.
 B = Non-inter-level travel time spent in this place.
 C = Inter-level travel time spent in this place.
 D = Time resting spent in this place.
 E = Time spent auto-exploring this place.
 F = Levels seen in this place.
 G = Mean time per level.
                   A        B        C        D        E       F      G
               +--------+--------+--------+--------+--------+-----+--------+
         Total |   4508 |   4175 |    333 |    153 |   3493 |   4 | 1127.0 |
       Dungeon |   4508 |   4175 |    333 |    153 |   3493 |   4 | 1127.0 |
               +--------+--------+--------+--------+--------+-----+--------+

Top non-repeatable levels by time:
     D:2: 2272 daAuts
     D:3: 988 daAuts
     D:1: 918 daAuts
     D:4: 330 daAuts
